Map: Acropolis LE

Players

SKillous - Winner!

  • Race: Protoss Protoss
  • Spawn Location: 11:00

TurkeyDano

  • Race: Protoss Protoss
  • Spawn Location: 5:00

VOD

Have the link to the VOD?

Description

Time

  • Played on: Sept. 6, 2019, 12:28 p.m.
  • Length: 5:10
Show
View Real Time Build Order
Export as new Build Order

SKillous Protoss - Winner!

Build Orders:  

Get SALT Encoding   

  12  0:00  Probe  
  13  0:13  Probe  
  14  0:16  Pylon  
  14  0:24  Probe  
  15  0:32  Probe  
  15  0:37  Gateway  
  15  0:40  Probe  
  16  0:49  Assimilator  
  17  0:51  Probe  
  18  1:03  Probe  
  19  1:15  Probe  
  20  1:19  Pylon  
  20  1:23  Zealot  
  20  1:27  Cybernetics Core, Probe  
  23  1:47  Probe  
  24  1:56  Stalker  
  24  1:57  Assimilator  
  26  2:13  Probe  
  27  2:21  Pylon  
  27  2:26  Robotics Facility  
  27  2:33  Stalker  
  29  2:44  Shield Battery x2  
  27  2:47  Warp Gate  
  27  3:03  Immortal, Stalker  
  33  3:22  Gateway  
  33  3:28  Gateway  
  33  3:42  Warp Prism  
  35  3:49  Pylon  
  33  4:16  Pylon  
  33  4:28  Observer  
  34  4:36  Stalker x3  
  40  4:46  Nexus  
  40  4:48  Probe  
  42  5:05  Stalker  
  42  5:06  Stalker  
  46  5:09  Sentry  
Show
View Real Time Build Order
Export as new Build Order

TurkeyDano Protoss 

Build Orders:  

Get SALT Encoding   

  12  0:00  Probe  
  13  0:12  Probe  
  14  0:17  Pylon  
  14  0:23  Probe  
  15  0:31  Probe  
  16  0:37  Forge  
  16  0:58  Pylon  
  16  1:11  Pylon  
  16  1:12  Pylon  
  16  1:16  Photon Cannon  
  16  1:21  Pylon  
  16  1:35  Pylon  
  16  1:44  Probe  
  16  2:09  Photon Cannon  
  16  2:13  Photon Cannon  
  16  2:24  Photon Cannon  
  16  2:26  Photon Cannon  
  16  2:27  Photon Cannon  
  14  2:43  Probe  
  15  2:56  Probe  
  15  2:58  Gateway  
  16  3:09  Probe  
  17  3:15  Assimilator  
  17  3:18  Probe  
  17  3:19  Assimilator  
  17  3:21  Pylon  
  17  3:26  Probe  
  19  3:35  Probe  
  20  3:44  Photon Cannon  
  20  3:45  Photon Cannon  
  20  3:50  Probe  
  20  3:52  Cybernetics Core  
  21  3:56  Photon Cannon  
  21  4:02  Probe  
  22  4:14  Probe  
  23  4:20  Adept  
  23  4:26  Probe  
  26  4:31  Stargate  
  25  4:48  Pylon  
  25  4:50  Pylon  
Tags
 
Add a new tag
Caveats
  • Supply blocks, unpowered buildings, or Contaminate may cause inaccurate times.
  • Supply counts are checked every 10 seconds.